 Dungeon Crawl Stone Soup version 0.32-a0-871-ge202e49faa (webtiles) character file.

Game seed: 6410715742491044338

20976 Autsider the Grappler (level 12, -3/180 HPs)
             Began as a Troll Fighter on Mar 29, 2024.
             Was a High Priest of Wu Jian.
             Slain by a vampire (4 damage)
             ... on level 11 of the Dungeon.
             The game lasted 00:34:33 (9293 turns).

Autsider the Grappler (Troll Fighter)               Turns: 9293, Time: 00:34:33

Health: -3/180     AC:  5    Str: 27    XL:     12   Next: 50%
Magic:  14/14      EV: 11    Int:  4    God:    Wu Jian [*****.]
Gold:   485        SH: 10    Dex: 13    Spells: 11/15 levels left

rFire   . .          .
                       - Unarmed
rCold   . . .        b - +0 kite shield
rNeg    . . .        C - +0 troll leather armour
rPois   .            (helmet restricted)
rElec   .            (no cloak)
rCorr   .            (gloves unavailable)
SInv    .            (boots unavailable)
Will    .....        t - amulet of regeneration Stlth
                     (no ring)
HPRegen 2.90/turn    (no ring)
MPRegen 0.14/turn

%: no passive effects
@: berserking, very quick
A: large, unfitting armour, claws 3, regeneration 1, shaggy fur 1, tough skin 1
a: Renounce Religion, Wall Jump, Serpent's Lash, Heavenly Storm


You were on level 11 of the Dungeon.
You worshipped Wu Jian.
Wu Jian was extremely pleased with you.
You visited 2 branches of the dungeon, and saw 12 of its levels.
You also visited: Sewer.

You collected 569 gold pieces.
You spent 84 gold pieces at shops.

Inventory:

Hand Weapons
 E - the +6 shillelagh "Devastator" {shatter}
   (You found it on level 10 of the Dungeon)
Missiles
 s - 4 throwing nets (quivered)
 A - 6 curare-tipped darts
Armour
 a - a +0 robe
 b - a +0 kite shield (worn)
 q - a +0 robe of fire resistance
 z - +0 steam dragon scales
 C - a +0 troll leather armour (worn)
Jewellery
 t - an amulet of regeneration (around neck)
Wands
 x - a wand of flame (42)
 B - a wand of polymorph (8)
Scrolls
 e - 9 scrolls of blinking
 f - a scroll of revelation
 k - a scroll of fog
 l - 2 scrolls of noise
 n - 4 scrolls of enchant weapon
 v - 4 scrolls of immolation
 w - 2 scrolls of teleportation
 y - a scroll of fear
 F - a scroll of identify
 G - a scroll of vulnerability
 H - a scroll of brand weapon
Potions
 c - a potion of might
 d - 15 potions of degeneration
 g - 2 potions of resistance
 h - 4 potions of lignification
 m - 3 potions of haste
 p - 2 potions of brilliance
 r - a potion of attraction
 u - a potion of magic
 D - a potion of enlightenment


   Skills:
 + Level 8.2 Fighting
 + Level 8.1 Dodging
 + Level 8.9 Shields
 * Level 13.0 Unarmed Combat
 + Level 2.2 Spellcasting
 + Level 2.7 Translocations


You had 11 spell levels left.
You knew the following spells:

 Your Spells              Type           Power      Damage    Failure   Level
a - Lesser Beckoning      Tloc           4%         N/A       38%         2
z - Blink                 Tloc           4%         N/A       38%         2

Your spell library contained the following spells:

 Spells                   Type           Power      Damage    Failure   Level
 Momentum Strike          Conj/Tloc      2%         3d8       58%         2
 Magic Dart               Conj           0%         1d3       65%         1
 Searing Ray              Conj           0%         2d4       80%         2
 Static Discharge         Conj/Air       0%         3-3/arc   80%         2
 Sublimation of Blood     Necr           0%         N/A       80%         2
 Volatile Blastmotes      Fire/Tloc      2%         2d10      83%         3
 Call Canine Familiar     Summ           0%         N/A       95%         3
 Passwall                 Erth           0%         N/A       95%         3
 Sigil of Binding         Hex            0%         N/A       95%         3
 Summon Ice Beast         Ice/Summ       0%         N/A       95%         3
 Dimensional Bullseye     Hex/Tloc       0%         N/A       99%         4
 Airstrike                Air            0%         2d(0-16)  100%        4
 Fulminant Prism          Conj/Alch      0%         3d5       100%        4
 Petrify                  Alch/Erth      0%         N/A       100%        4
 Summon Lightning Spire   Summ/Air       0%         N/A       100%        4
 Borgnjor's Vile Clutch   Necr/Erth      0%         N/A       100%        5
 Fireball                 Conj/Fire      0%         3d3       100%        5
 Irradiate                Conj/Alch      0%         3d11      100%        5
 Summon Mana Viper        Hex/Summ       0%         N/A       100%        5
 Monstrous Menagerie      Summ           0%         N/A       100%        7


Dungeon Overview and Level Annotations

Branches:
Dungeon (11/15)            Temple (1/1) D:4            Lair (0/5) D:11
    Orc (0/2) D:10          Sewer (visited)

Altars:
Ashenzari
Cheibriados
Dithmenos
Elyvilon
Fedhas
Gozag
Hepliaklqana
Kikubaaqudgha
Makhleb
Nemelex Xobeh
Okawaru
Qazlal
Ru
Sif Muna
Trog
Uskayaw
Vehumet
Wu Jian
Xom
Yredelemnul
Zin
The Shining One
Beogh

Shops:
D:6 =!(*   D:10 ([([?

Portals:
Trove: D:10 (lose all piety)


Innate Abilities, Weirdness & Mutations

You are too large for most types of armour.
You have claws for hands.
Your natural rate of healing is unusually fast.
You are covered in fur. (AC +1)
You have tough skin. (AC +1)


Message History

You kill the rakshasa!
The Council accepts your kill.
Reactivating autopickup.
The rakshasa shimmers and vanishes!
Your Unarmed Combat skill increases to level 13!
It was a potion of lignification.
You turn into a tree.
Your +0 troll leather armour melds into your body.
Your roots penetrate the ground.
Something hits you but does no damage.
Deactivating autopickup; reactivate with Ctrl-A.
Something bites you.
* * * LOW HITPOINT WARNING * * *
Something draws strength from your injuries!
Something hits you but does no damage. You block something's attack.
Something hits you but does no damage. You block something's attack.
Something hits you but does no damage. Something bites you!
* * * LOW HITPOINT WARNING * * *
Something draws strength from your injuries!
You block something's attack. x2
Something hits you.
* * * LOW HITPOINT WARNING * * *
Something bites you but does no damage. Something hits you but does no damage.
Something bites you.
* * * LOW HITPOINT WARNING * * *
Something draws strength from your injuries!
Something hits you!
* * * LOW HITPOINT WARNING * * *
Something bites you but does no damage.
Your magical effects are unravelling.
You feel magically purged.
You feel less wooden.
Your +0 troll leather armour unmelds from your body.
Something hits you but does no damage. Something bites you.
* * * LOW HITPOINT WARNING * * *
Something draws strength from your injuries!
A red film seems to cover your vision as you go berserk!
You feel yourself moving faster!
You feel mighty! Something hits you!
* * * LOW HITPOINT WARNING * * *
Something bites you.
You die...

##'#######
#####....{@$.#
#...#.######.#
#.....# .#
#.RR### .#
####...# .#
##....#.# .# .
#....{..# .#
.##.#..#### .#
.'#...!#


There were no monsters in sight!

Vanquished Creatures
  A rakshasa (D:11)
  2 two-headed ogres (D:11)
  A cyclops (D:11)
  Joseph (D:10)
  2 gargoyles (D:10)
  The ghost of epen the Shooter, a novice CoHu of Dithmenos (D:4)
  Maggie (D:7)
  3 kobold demonologists (D:11)
  Jeremiah (D:9)
  Psyche (D:8)
  6 trolls
  Sigmund (D:5)
  5 vampires
  6 shadows (D:11)
  2 wyverns
  31 yaks
  2 steam dragons
  4 basilisks (D:11)
  3 vampire mosquitoes (D:11)
  A warg (shapeshifter) (D:11)
  2 acid dragons
  Duvessa (D:7)
  A swamp drake (D:10)
  8 orc warriors
  3 sky beasts
  2 black bears
  3 ice beasts
  4 ogres
  6 centaurs
  A boggart (D:11)
  2 phantoms (D:5)
  5 kobold brigands
  2 scorpions
  4 bullfrogs
  4 gnoll sergeants
  13 wights
  Dowan (D:7)
  13 killer bees
  5 howler monkeys
  4 jellies
  A hound (D:6)
  3 bombardier beetles
  12 orc priests
  7 iguanas
  2 sleepcaps
  Terence (D:2)
  13 orc wizards
  25 gnolls
  7 adders
  4 river rats
  A shadow imp (D:6)
  2 ufetubi (D:6)
  2 dart slugs
  4 ribbon worms
  52 orcs
  A bat zombie (D:2)
  4 endoplasms
  2 giant cockroaches (D:1)
  5 goblins
  5 hobgoblins
  6 jackals (D:2)
  22 kobolds
  5 quokkas
  9 ball pythons
  3 bats
  3 frilled lizards
  A giant cockroach zombie (D:2)
  10 rats
371 creatures vanquished.

Notes
Turn   | Place    | Note
-------+----------+-------------------------------------------
     0 | D:1      | Autsider the Troll Fighter began the quest for the Orb.
     0 | D:1      | Reached XP level 1. HP: 22/22 MP: 0/0
   189 | D:1      | Reached XP level 2. HP: 29/29 MP: 1/1
   813 | D:2      | Reached XP level 3. HP: 25/36 MP: 2/2
   859 | D:2      | Noticed Terence
   870 | D:2      | Killed Terence
   871 | D:2      | Reached skill level 3 in Unarmed Combat
  1067 | D:2      | Reached XP level 4. HP: 44/44 MP: 3/3
  1427 | D:3      | Found a shadowy altar of Dithmenos.
  1526 | D:3      | Found a faded altar of an unknown god.
  1610 | D:3      | Got the Opusculum on the Sizzling Mantle
  1668 | D:3      | Found a glowing drain.
  1680 | D:3      | Reached XP level 5. HP: 45/53 MP: 4/4
  1683 | Sewer    | Entered a sewer
  1903 | Sewer    | Reached skill level 4 in Unarmed Combat
  2073 | D:3      | Found a stormy altar of Qazlal.
  2158 | D:3      | Found a radiant altar of Vehumet.
  2257 | D:3      | Reached XP level 6. HP: 57/61 MP: 5/5
  2554 | D:4      | Noticed an orc warrior
  2554 | D:4      | Noticed epen's ghost (novice CoHu)
  2555 | D:4      | Found a runed translucent gate.
  2555 | D:4      | Found a runed translucent gate.
  2555 | D:4      | Found a runed translucent gate.
  2565 | D:4      | Reached skill level 5 in Unarmed Combat
  2660 | D:4      | Reached XP level 7. HP: 52/68 MP: 6/6
  2898 | D:4      | Found a staircase to the Ecumenical Temple.
  2905 | Temple   | Entered the Ecumenical Temple
  2922 | Temple   | Became a worshipper of the Wu Jian Council
  3179 | D:4      | Found a roughly hewn altar of Beogh.
  3229 | D:4      | Killed epen's ghost
  3230 | D:4      | Reached skill level 6 in Unarmed Combat
  3236 | D:4      | Reached XP level 8. HP: 38/78 MP: 7/7
  3326 | D:5      | Entered Level 5 of the Dungeon
  3460 | D:5      | Reached * piety under Wu Jian
  3461 | D:5      | Reached skill level 5 in Shields
  3518 | D:5      | Noticed Sigmund
  3535 | D:5      | Killed Sigmund
  3536 | D:5      | Reached skill level 7 in Unarmed Combat
  3640 | D:5      | Reached skill level 5 in Fighting
  3653 | D:5      | Reached XP level 9. HP: 88/88 MP: 8/8
  3706 | D:5      | Reached skill level 5 in Dodging
  3721 | D:5      | Found a blossoming altar of Fedhas.
  4136 | D:6      | Reached skill level 8 in Unarmed Combat
  4159 | D:6      | You fall into a shaft and drop 1 floor!
  4227 | D:7      | Reached ** piety under Wu Jian
  4259 | D:7      | Noticed Duvessa
  4259 | D:7      | Noticed Dowan
  4265 | D:7      | Killed Duvessa
  4269 | D:7      | Killed Dowan
  4536 | D:6      | Found a shimmering altar of Xom.
  4794 | D:6      | Found Omipor's Weapon Shop.
  4833 | D:6      | Reached skill level 9 in Unarmed Combat
  4866 | D:6      | Found Unkaw's General Store.
  5025 | D:6      | Found Vuacseoh's Distillery.
  5122 | D:6      | Found Ekeluth's Jewellery Emporium.
  5399 | D:6      | Reached *** piety under Wu Jian
  5405 | D:6      | Reached XP level 10. HP: 90/98 MP: 9/9
  5766 | D:7      | Noticed Maggie
  5775 | D:7      | Killed Maggie
  6007 | D:8      | Reached skill level 10 in Unarmed Combat
  6082 | D:8      | Noticed Psyche
  6159 | D:8      | Killed Psyche
  6322 | D:8      | Reached **** piety under Wu Jian
  6487 | D:8      | Reached skill level 11 in Unarmed Combat
  6494 | D:8      | Reached XP level 11. HP: 63/107 MP: 10/10
  6930 | D:9      | Reached ***** piety under Wu Jian
  6998 | D:9      | Noticed Jeremiah
  7002 | D:9      | Killed Jeremiah
  7079 | D:9      | Found an opulent altar of Gozag.
  7344 | D:10     | Entered Level 10 of the Dungeon
  7375 | D:10     | Found the +6 shillelagh "Devastator" {shatter}
  7618 | D:10     | Found Seff's Magic Scroll Shop.
  7634 | D:10     | Bought a scroll of identify for 28 gold pieces
  7634 | D:10     | Bought a scroll of identify for 28 gold pieces
  7634 | D:10     | Bought a scroll of identify for 28 gold pieces
  7701 | D:10     | Found Hudu Wac's Armour Shoppe.
  7718 | D:10     | Found a portal to a secret trove of treasure.
  7762 | D:10     | Learned a level 2 spell: Blink
  7765 | D:10     | Learned a level 2 spell: Lesser Beckoning
  7791 | D:10     | Found Byfris's Weapon Shoppe.
  7837 | D:10     | Found Qauxuts's Armour Shop.
  7854 | D:10     | Noticed Joseph
  7862 | D:10     | Killed Joseph
  7896 | D:10     | Reached skill level 12 in Unarmed Combat
  7976 | D:10     | Found Ogugaycecs's Antique Weapon Boutique.
  8110 | D:10     | Found a staircase to the Orcish Mines.
  8135 | D:10     | Reached skill level 1 in Translocations
  8384 | D:11     | Reached skill level 1 in Spellcasting
  8537 | D:11     | Found a staircase to the Lair.
  8565 | D:11     | an ogre changed into an entropy weaver
  8565 | D:11     | Noticed an entropy weaver (shapeshifter)
  8568 | D:11     | Reached XP level 12. HP: 119/119 MP: 11/13
  8587 | D:11     | an entropy weaver changed into a warg
  8876 | D:11     | Noticed a two-headed ogre
  8893 | D:11     | Killed a two-headed ogre
  8969 | D:11     | Noticed a two-headed ogre
  8980 | D:11     | Killed a two-headed ogre
  9011 | D:11     | Noticed a boulder beetle
  9026 | D:11     | Identified the +2 war axe of Tumult {flame, Dex+2}
  9181 | D:11     | HP: 5/119 [something (11)]
  9228 | D:11     | Noticed a rakshasa
  9281 | D:11     | Killed a rakshasa
  9282 | D:11     | Reached skill level 13 in Unarmed Combat
  9293 | D:11     | HP: 1/180 [something (12)]
  9293 | D:11     | Slain by a vampire

Illustrated notes

Levels and vault maps discovered:
D:1:      dpeg_arrival_oval, layout_basic, reono_crystal_passage
D:2:      layout_basic, serial_undead, serial_undead_c, serial_undead_e,
          serial_undead_b, serial_undead_b, uniq_terence
D:3:      layout_loops_cross, lemuel_doored_altar,
          nicolae_qazlal_general_emergency, grunt_dithmenos_smoke_and_mirrors,
          ebering_ecumenical_altar_mist, portal_sewer_entry_e
D:4:      layout_loops_ring, temple_statues, biasface_ghost_orc_armoury,
          minmay_misc_feat_square
D:5:      layout_loops_ring, general_overflow_altar, serial_glass,
          glass_columns_a, glass_columns_a, glass_columns_a, glass_columns_b,
          glass_columns_a, glass_columns_a, glass_columns_a, glass_columns_a,
          glass_columns_a, glass_columns_b, glass_columns_b, glass_columns_a,
          glass_columns_c, glass_columns_b, uniq_sigmund
D:6:      layout_gridville, pf_just_have_faith, serial_shops,
          nicolae_shop_waterfront, nicolae_shop_real_fake_doors,
          kennysheep_little_box, nicolae_shop_bloodbath_and_beyond,
          serial_co_window_serial, co_window_paths_a, co_window_paths_a,
          co_window_corner_a, co_window_paths_a, co_window_of_opportunity_a,
          co_window_paths_c, co_window_of_opportunity_b, co_window_corner_b,
          co_window_broadway_b, co_window_corner_ca, co_window_unsneaky_path_c,
          co_window_4corner_b, co_window_paths_d, glass_columns_a,
          glass_columns_a, glass_columns_a, glass_columns_b, glass_columns_b
D:7:      layout_loops_cross, chequers_serial_rivers_micro_b, hex_tiny,
          uniq_maggie, uniq_duvessa
D:8:      layout_basic, uniq_psyche
D:9:      layout_basic, grunt_gozag_statues, uniq_jeremiah
D:10:     layout_stronghold, erik_orc_1, serial_shops, nicolae_lakefront_shop,
          nicolae_shop_competitors_out_of_business, nicolae_diamond_shop,
          nicolae_shop_tiny_waterfront, nicolae_take_the_stairs,
          nicolae_trove_entry_isolated, uniq_joseph
D:11:     regret_index_dithmenos_penumbral_divide, layout_basic,
          dpeg_lair_monsters
Temple:   nicolae_temple_bog_church

Skill      XL: |  1  2  3  4  5  6  7  8  9 10 11 12 |
---------------+-------------------------------------+-----
Shields        | 3 4 5 6 7 8 |  8.9
Unarmed Combat | 3 4 5 6 7 9 11 12 13 | 13.0
Fighting       | 3 4 5 6 7 8 |  8.2
Dodging        | 3 4 5 6 7 8 |  8.1
Translocations | 1 2 |  2.7
Spellcasting   | 1 2 |  2.2

Action                     |  1- 3 |  4- 6 |  7- 9 | 10-12 || total
---------------------------+-------+-------+-------+-------++-------
  Melee: Unarmed           |    78 |   158 |   386 |   727 ||  1349
Ability: Lunge             |       |       |    28 |    51 ||    79
         Whirlwind         |       |       |       |    32 ||    32
    Use: Scroll            |       |     7 |       |    16 ||    23
         Potion            |       |       |       |     8 ||     8
 Armour: Robe              |    57 |    80 |   177 |   137 ||   451
         Skin              |       |       |       |    29 ||    29
         Troll leather arm |       |       |       |   274 ||   274
         Steam dragon scal |       |       |       |    27 ||    27
  Dodge: Dodged            |    33 |    58 |   134 |   251 ||   476
  Block: Kite shield       |    32 |    76 |   129 |   339 ||   576

Table legend: (Time is in decaauts)
 A = Elapsed time spent in this place.
 B = Non-inter-level travel time spent in this place.
 C = Inter-level travel time spent in this place.
 D = Time resting spent in this place.
 E = Time spent auto-exploring this place.
 F = Levels seen in this place.
 G = Mean time per level.
                   A        B        C        D        E       F      G
               +--------+--------+--------+--------+--------+-----+--------+
         Total |   9201 |   8738 |    463 |    259 |   5844 |  13 |  707.8 |
       Dungeon |   8888 |   8458 |    430 |    259 |   5678 |  11 |  808.0 |
        Temple |     34 |      1 |     33 |      0 |      0 |   1 |   34.0 |
         Sewer |    278 |    278 |      0 |      0 |    166 |   1 |  278.0 |
               +--------+--------+--------+--------+--------+-----+--------+

Top non-repeatable levels by time:
     D:6: 1046 daAuts
    D:10: 1002 daAuts
    D:11: 901 daAuts
     D:1: 805 daAuts
     D:4: 803 daAuts
     D:3: 773 daAuts
     D:5: 744 daAuts
     D:8: 736 daAuts
     D:9: 695 daAuts
     D:7: 694 daAuts
     D:2: 685 daAuts
   Sewer: 278 daAuts
  Temple: 34 daAuts
